 Dungeon Crawl Stone Soup version 0.26-a0-661-g406de6ba63 (webtiles) character file.

Game seed: 4896978361155700821

209 timneilson the Shield-Bearer (level 5, -2/33 HPs)
             Began as a Gargoyle Fighter on Oct 8, 2020.
             Slain by Menkaure (15 damage)
             ... on level 4 of the Dungeon.
             The game lasted 00:03:25 (2344 turns).

timneilson the Shield-Bearer (Gargoyle Fighter)     Turns: 2344, Time: 00:03:25

Health: -2/33      AC: 12    Str: 21    XL:     5   Next: 87%
Magic:  5/5        EV:  7    Int:  8    God:
Gold:   179        SH: 10    Dex:  9    Spells: 4/4 levels left

rFire    . . .     SeeInvis .   a - +0 long sword
rCold    . . .     Faith    .   c - +1 kite shield
rNeg     + . .     Spirit   .   b - +0 scale mail
rPois    ∞         Reflect  .   l - +0 helmet
rElec    +         Harm     .   (no cloak)
rCorr    .         Rampage  .   (no gloves)
MR       .....                  (no boots)
Stlth    ..........             (no amulet)
HPRegen  0.11/turn              (no ring)
MPRegen  0.09/turn              (no ring)

@: no status effects
A: negative energy resistance 1, electricity resistance, unbreathing,
petrification resistance, rot immunity, AC +4
a: no special abilities


You were on level 4 of the Dungeon.
You visited 1 branch of the dungeon, and saw 4 of its levels.

You collected 179 gold pieces.

Inventory:

Hand Weapons
 a - a +0 long sword (weapon)
Armour
 b - a +0 scale mail (worn)
 c - a +1 kite shield (worn)
 l - a +0 helmet (worn)
Wands
 e - a wand of polymorph (9)
Potions
 d - a potion of might
 g - a potion of mutation
 h - 2 potions of curing
 i - a potion of lignification
 j - a potion of resistance
 k - a potion of magic {unknown}
 m - a potion of heal wounds {unknown}


   Skills:
 + Level 4.0 Fighting
 * Level 3.3 Long Blades
 * Level 4.5 Armour
 * Level 4.5 Shields


You had 4 spell levels left.
You didn't know any spells.
Your spell library was empty.

Dungeon Overview and Level Annotations

Branches:
Dungeon (4/15)
 Temple: D:4-7

Altars:
Fedhas
Ru
Trog
Zin

Shops:
D:4 *

Annotations:
D:4 Menkaure


Innate Abilities, Weirdness & Mutations

You are resistant to torment.
Your stone body is resilient. (AC +4)
You are immune to poison.
You resist negative energy. (rN+)
You are resistant to electric shocks. (rElec)
You can survive without breathing.
You are immune to petrification.
You are immune to rotting.


Message History

No target in view!
No target in view!
No target in view!
No target in view!
No target in view!
Found Coileen's Assorted Antiques.
Menkaure, Prince of Dust comes into view.
Menkaure shouts!
You block Menkaure's attack.
You completely miss Menkaure. Menkaure hits you!
You hit Menkaure.
Menkaure is lightly damaged.
Menkaure hits you!
You hit Menkaure.
Menkaure is moderately damaged.
You block Menkaure's attack.
You barely miss Menkaure.
Menkaure is moderately damaged.
Menkaure hits you!
You die...

......
###......
##....PPP.
##.....P∩P.
#.......PP.
#..........
#.##..?....#
#....M@...#
######...##
#....#
#.#......
#.#.#####
#.#.#
#########.#.#
#...........#
#.<#......###


You could see Menkaure.

Vanquished Creatures
  Robin (D:3)
  7 gnolls
  4 adders
  2 oozes
  3 dart slugs
  2 worms (D:2)
  A leopard gecko (D:2)
  An orc (D:3)
  A ball python (D:1)
  3 giant cockroaches
  15 goblins
  8 hobgoblins
  8 kobolds
  A quokka (D:3)
  8 bats
  2 frilled lizards
  10 rats
77 creatures vanquished.

Notes
Turn   | Place    | Note
-------+----------+-------------------------------------------
     0 | D:1      | timneilson the Gargoyle Fighter began the quest for the
                  | Orb.
     0 | D:1      | Reached XP level 1. HP: 14/14 MP: 1/1
    45 | D:1      | Reached XP level 2. HP: 19/19 MP: 2/2
   253 | D:1      | Reached XP level 3. HP: 23/23 MP: 3/3
   799 | D:2      | Reached XP level 4. HP: 25/29 MP: 4/4
   854 | D:2      | Found a glowing silver altar of Zin.
   855 | D:2      | Found a sacrificial altar of Ru.
   855 | D:2      | Found a bloodstained altar of Trog.
   856 | D:2      | Found a blossoming altar of Fedhas.
  1493 | D:3      | Reached XP level 5. HP: 31/33 MP: 5/5
  1756 | D:3      | Noticed Robin
  1812 | D:3      | Killed Robin
  2337 | D:4      | Found Coileen's Assorted Antiques.
  2339 | D:4      | Noticed Menkaure
  2344 | D:4      | Slain by Menkaure

Illustrated notes

Levels and vault maps discovered:
D:1:      onia_arrival_handbag, layout_rooms, st_stairs_13, minivault_14
D:2:      layout_basic, chequers_temple_overflow_statue_of_worship
D:3:      layout_basic, uniq_robin
D:4:      kennysheep_kobold_camp, layout_loops_ring,
          eat_drink_and_be_merry_uskayaw, serial_shops,
          nicolae_shop_overgrown_old_shop, uniq_menkaure

Skill      XL: |  1  2  3  4  5 |
---------------+----------------+-----
Long Blades    | 2 3 |  3.3
Armour         | 4 |  4.5
Shields        | 4 |  4.5
Fighting       | 4 |  4.0

Action                   |  1- 3 |  4- 6 || total
-------------------------+-------+-------++-------
Melee: Long sword        |   113 |   161 ||   274
  Use: Scroll            |     4 |     3 ||     7
Armor: Scale mail        |    70 |    91 ||   161
Dodge: Dodged            |    40 |    42 ||    82
Block: Kite shield       |    59 |   120 ||   179
       Rpst.: Long sword |    17 |    12 ||    29

Table legend: (Time is in decaauts)
 A = Elapsed time spent in this place.
 B = Non-inter-level travel time spent in this place.
 C = Inter-level travel time spent in this place.
 D = Time resting spent in this place.
 E = Time spent auto-exploring this place.
 F = Levels seen in this place.
 G = Mean time per level.
                   A        B        C        D        E       F      G
               +--------+--------+--------+--------+--------+-----+--------+
         Total |   2448 |   2370 |     78 |      0 |   1751 |   4 |  612.0 |
       Dungeon |   2448 |   2370 |     78 |      0 |   1751 |   4 |  612.0 |
               +--------+--------+--------+--------+--------+-----+--------+

Top non-repeatable levels by time:
     D:3: 1180 daAuts
     D:2: 708 daAuts
     D:1: 540 daAuts
     D:4: 19 daAuts
